 Dungeon Crawl Stone Soup version 0.25-a0-663-gace7076f2c (webtiles) character file.

Game seed: 13259379660668204508, levelgen mode: deterministic

21258 Esekla the Thaumaturge (level 12, 0/81 HPs)
             Began as an Octopode Venom Mage on Mar 25, 2020.
             Was an Elder of Vehumet.
             Slain by a centaur warrior (13 damage)
             ... on level 14 of the Dungeon on Mar 26, 2020.
             The game lasted 02:40:37 (16688 turns).

Esekla the Thaumaturge (Octopode Venom Mage)       Turns: 16688, Time: 02:40:38

Health: 0/81       AC: 11    Str:  9    XL:     12   Next: 88%
Magic:  0/34       EV: 16    Int: 21    God:    Vehumet [****..]
Gold:   875        SH:  7    Dex: 12    Spells: 2/29 levels left

rFire    . . .     SeeInvis +   p - +2 short sword (protect)
rCold    . . .     Gourm    .   P - +3 buckler {AC+3}
rNeg     . . .     Faith    .   (helmet restricted)
rPois    .         Spirit   +   d - amulet of guardian spirit
rElec    .         Reflect  .   q - ring of wizardry
rCorr    .         Harm     .   O - ring of see invisible
MR       .....                  N - ring of magical power
Stlth    ++++......             (no ring)
HPRegen  0.23/turn              (no ring)
MPRegen  0.24/turn              (no ring)
                                (no ring)
                                (no ring)

@: mighty, protection aura, very slightly contaminated, hasted (expiring),
studying Polearms, very quick
A: almost no armour, stealthy swim, amphibious, 8 rings, constrict 8, camouflage
1, gelatinous body 1
a: Renounce Religion


You were on level 14 of the Dungeon.
You worshipped Vehumet.
Vehumet was greatly pleased with you.
You were very hungry.

You visited 2 branches of the dungeon, and saw 15 of its levels.

You collected 875 gold pieces.

Inventory:

Hand Weapons
 e - a +4 long sword of electrocution
 f - a +1 scimitar of flaming
 j - a +0 spear of venom
 p - a +2 short sword of protection (weapon)
 s - a +3 short sword
 t - a +3 trident
 v - a +0 dagger of venom
 z - a +0 spear of freezing
Missiles
 a - 32 poisoned darts (quivered)
 J - 4 boomerangs
 M - 4 javelins
Armour
 P - a +3 buckler of protection (worn)
Jewellery
 d - an amulet of guardian spirit (around mantle)
 q - a ring of wizardry (left tentacle)
 r - an uncursed ring of ice
 N - a ring of magical power (on tentacle)
 O - a ring of see invisible (right tentacle)
Wands
 u - a wand of polymorph (8)
 x - a wand of paralysis (5)
 y - a wand of iceblast (9)
 C - a wand of flame (39)
 D - a wand of random effects (14)
 E - a wand of disintegration (7)
Scrolls
 c - 9 scrolls of teleportation
 h - 2 scrolls of fear
 l - 11 scrolls of remove curse
 n - 2 scrolls of amnesia
 o - 2 scrolls of magic mapping
 A - a scroll of silence
 F - 2 scrolls of fog
 H - a scroll of identify
 R - 3 scrolls of immolation
Potions
 k - 3 potions of cancellation
 m - 2 potions of brilliance
 w - 3 potions of lignification
 B - a potion of haste
 K - 2 potions of resistance
Books
 G - a manual of Polearms
Comestibles
 b - 21 rations


   Skills:
 + Level 7.3 Fighting
 + Level 5.7(5.9) Short Blades
 + Level 2.2(4.2) Long Blades
 * Level 5.9 Polearms
 + Level 2.7 Throwing
 + Level 7.2 Dodging
 + Level 6.6 Stealth
 * Level 2.2 Shields
 * Level 9.3 Spellcasting
 + Level 6.1 Conjurations
 * Level 4.6 Hexes
 + Level 4.0 Charms
   Level 1.0 Transmutations
 + Level 6.5 Air Magic
 + Level 7.8 Poison Magic
 + Level 0.2 Evocations


You had 2 spell levels left.
You knew the following spells:

 Your Spells              Type           Power        Failure   Level  Hunger
a - Airstrike             Air            #####.....   1%          4    ##.....
b - Lightning Bolt        Conj/Air       #####.....   2%          5    #####..
c - Mephitic Cloud        Conj/Pois/Air  #####...     1%          3    None
d - Static Discharge      Conj/Air       #####...     1%          3    None
e - Tukima's Dance        Hex            ####....     1%          3    None
p - Apportation           Tloc           #.....       3%          1    None
s - Swiftness             Chrm/Air       ####....     1%          2    None
v - Poisonous Vapours     Pois/Air       #####.       1%          2    None
x - Olgreb's Toxic Radia  Pois           #####...     1%          4    ##.....

Your spell library contained the following spells:

 Spells                   Type           Power        Failure   Level  Hunger
 Iskenderun's Battlesphe  Conj/Chrm      ####....     3%          5    #####..
 Corona                   Hex            ####...      1%          1    None
 Shock                    Conj/Air       ####         1%          1    None
 Sting                    Tmut/Pois      ####         1%          1    None
 Slow                     Hex            ####....     1%          2    None
 Summon Butterflies       Summ           #.......     3%          1    None
 Ignite Poison            Fire/Tmut/Pois ###.....     1%          3    None
 Inner Flame              Hex/Fire       ###.....     1%          3    None
 Portal Projectile        Hex/Tloc       ###...       4%          3    None
 Cause Fear               Hex            ####......   5%          4    ##.....
 Lesser Beckoning         Tloc           #.........   11%         3    None
 Leda's Liquefaction      Hex/Erth       ###.......   13%         4    ##.....
 Alistair's Intoxication  Tmut/Pois      ####....     16%         5    #####..
 Invisibility             Hex            ####....     58%         6    ######.


Dungeon Overview and Level Annotations

Branches:
Dungeon (14/15)            Temple (0/1) D:7            Lair (1/6) D:10
    Orc (0/2) D:10
 Vaults: D:13-14

Altars:
Ashenzari
Cheibriados
Dithmenos
Elyvilon
Fedhas
Hepliaklqana
Okawaru
Ru
Sif Muna
Uskayaw
Vehumet
Xom
Beogh

Shops:
D:11 %

Annotations:
D:4 2 transporters, kae's ghost, amateur DrTm
D:8 3 runed translucent doors
D:13 1 runed translucent door, Arthanis's ghost, journeyman GrBe


Innate Abilities, Weirdness & Mutations

You cannot wear most types of armour.
You are very stealthy in the water. (Stealth+)
You are amphibious.
You can wear up to eight rings at the same time.
You can use your tentacles to constrict eight enemies at once.
Your skin changes colour to match your surroundings (Stealth+).
Your rubbery body absorbs attacks. (AC +1, EV +1)


Message History

The centaur is engulfed in noxious fumes.
The centaur appears confused.
The centaur hits the centaur.
The centaur warrior hits you!
* * * LOW HITPOINT WARNING * * *
You hit the centaur warrior.
The centaur warrior is heavily wounded.
The centaur is engulfed in noxious fumes.
The centaur warrior hits you.
* * * LOW HITPOINT WARNING * * *
You feel better.
The centaur is engulfed in noxious fumes.
The centaur appears confused.
The centaur warrior hits you.
* * * LOW HITPOINT WARNING * * *
You puncture the centaur warrior!
The centaur warrior is almost dead.
The centaur is engulfed in noxious fumes.
You hit the centaur warrior.
The centaur warrior is almost dead.
The centaur warrior hits you!
You die... #. #. #. #. #c #° #c######## #c@....... ##########

You could see a centaur warrior and 2 centaurs.

Vanquished Creatures
  A centaur warrior (D:13)
  Erica (D:8)
  An ogre mage (D:13)
  3 two-headed ogres
  A tengu warrior (D:13)
  Pikel (D:9)
  An ugly thing (D:11)
  A cyclops (D:12)
  A manticore (D:11)
  Maggie (D:6)
  A kobold demonologist (D:12)
  3 yaktaurs (D:13)
  A komodo dragon (D:10)
  A troll (D:8)
  A hornet (D:12)
  A harpy skeleton (D:13)
  Grinder (D:5)
  3 hippogriffs
  A wraith (D:10)
  4 wyverns (D:10)
  2 shadows
  8 yaks
  A basilisk (D:11)
  A hungry ghost (D:10)
  3 vampire mosquitoes (D:13)
  An acid dragon (D:13)
  A soldier ant (D:13)
  A water moccasin (D:13)
  Duvessa (D:5)
  A porcupine (Lair:1)
  A swamp drake (D:10)
  Purgy (D:3)
  6 ice beasts
  5 phantoms
  2 sky beasts
  5 orc warriors
  4 black bears
  A hornet zombie (D:10)
  5 ogres
  29 centaurs
  6 crocodiles
  A big kobold (D:8)
  5 bullfrogs
  A wyvern zombie (D:13)
  3 scorpions
  Dowan (D:5)
  4 killer bees (D:8)
  9 wights
  A jelly (D:11)
  3 lava snakes (D:7)
  5 crimson imps
  A centaur zombie (D:6)
  2 quasits
  9 hounds
  4 bullfrog zombies
  3 orc priests
  4 centaur skeletons
  6 orc wizards
  A gnoll shaman (D:6)
  An iguana (D:4)
  Jessica (D:2)
  3 bullfrog skeletons
  7 worker ants
  2 killer bee zombies
  A hound zombie (D:9)
  2 worker ant zombies
  A howler monkey skeleton (D:10)
  9 adders
  8 gnolls
  2 shadow imps
  5 adder skeletons
  3 worms
  3 dart slugs
  4 leopard geckos
  21 orcs
  3 ball pythons
  7 bats
  5 giant cockroaches
  4 goblins
  4 hobgoblins
  10 jackals
  4 quokkas
  2 frilled lizards (D:3)
  9 kobolds
  8 rats
306 creatures vanquished.

Vanquished Creatures (others)
  A sky beast (D:8)
1 creature vanquished.

Grand Total: 307 creatures vanquished

Notes
Turn   | Place    | Note
-------+----------+-------------------------------------------
     0 | D:1      | Esekla the Octopode Venom Mage began the quest for the Orb.
     0 | D:1      | Reached XP level 1. HP: 11/11 MP: 3/3
   184 | D:1      | Reached XP level 2. HP: 10/18 MP: 5/5
   188 | D:1      | Learned a level 2 spell: Poisonous Vapours
   840 | D:2      | Reached XP level 3. HP: 22/22 MP: 1/6
   847 | D:1      | Learned a level 3 spell: Mephitic Cloud
  1159 | D:2      | Reached skill level 1 in Fighting
  1265 | D:2      | Noticed Jessica
  1339 | D:2      | Killed Jessica
  1339 | D:2      | Reached XP level 4. HP: 22/28 MP: 1/8
  1831 | D:2      | Reached skill level 3 in Spellcasting
  1954 | D:3      | Reached skill level 1 in Air Magic
  1977 | D:3      | Found a shimmering altar of Xom.
  2222 | D:3      | Noticed Purgy
  2247 | D:3      | Reached XP level 5. HP: 32/33 MP: 5/9
  2344 | D:3      | Found an iron altar of Okawaru.
  2475 | D:3      | Killed Purgy
  2475 | D:3      | Reached skill level 1 in Throwing
  2475 | D:3      | Reached skill level 1 in Conjurations
  2626 | D:3      | Reached XP level 6. HP: 38/38 MP: 3/10
  2845 | D:4      | Reached skill level 1 in Short Blades
  2883 | D:4      | Found a hide-covered altar of Uskayaw.
  2884 | D:4      | Found a shadowy altar of Dithmenos.
  2886 | D:4      | Found a shattered altar of Ashenzari.
  2886 | D:4      | Found a hazy altar of Hepliaklqana.
  3223 | D:4      | Found a transporter.
  3224 | D:4      | Found a transporter.
  3225 | D:4      | Noticed kae's ghost (amateur DrTm)
  3492 | D:4      | Found a shimmering blue altar of Sif Muna.
  3657 | D:4      | Found a blossoming altar of Fedhas.
  3698 | D:5      | Entered Level 5 of the Dungeon
  4011 | D:5      | Noticed a sky beast
  4039 | D:5      | Killed a sky beast
  4039 | D:5      | Reached XP level 7. HP: 45/45 MP: 3/12
  4193 | D:5      | Found a radiant altar of Vehumet.
  4214 | D:5      | Reached skill level 4 in Spellcasting
  4433 | D:5      | Learned a level 1 spell: Corona
  4467 | D:5      | Reached skill level 5 in Poison Magic
  4488 | D:5      | Noticed Grinder
  4527 | D:5      | Found a snail-covered altar of Cheibriados.
  4656 | D:5      | Noticed Dowan
  4658 | D:5      | Noticed Duvessa
  4702 | D:4      | Reached XP level 8. HP: 47/51 MP: 14/14
  4711 | D:5      | Killed Dowan
  4749 | D:5      | Killed Duvessa
  4749 | D:5      | Reached skill level 1 in Hexes
  4922 | D:5      | Became a worshipper of Vehumet
  4988 | D:5      | Killed Grinder
  5348 | D:6      | Reached skill level 5 in Spellcasting
  5510 | D:6      | Reached XP level 9. HP: 57/57 MP: 8/16
  5520 | D:6      | Reached * piety under Vehumet
  5520 | D:6      | Offered knowledge of Foxfire by Vehumet.
  5841 | D:6      | Noticed Maggie
  5868 | D:6      | Killed Maggie
  6407 | D:7      | Found a staircase to the Ecumenical Temple.
  6550 | D:7      | Learned a level 4 spell: Olgreb's Toxic Radiance
  6962 | D:8      | Found a sacrificial altar of Ru.
  6964 | D:8      | Noticed a troll
  7268 | D:7      | Reached skill level 5 in Dodging
  7289 | D:8      | Found a runed translucent gate.
  7289 | D:8      | Found a runed translucent gate.
  7290 | D:8      | Noticed a brown ugly thing
  7290 | D:8      | Noticed a brown ugly thing
  7291 | D:8      | Found a runed translucent gate.
  7292 | D:8      | Noticed a red ugly thing
  7293 | D:8      | Noticed a red ugly thing
  7293 | D:8      | Noticed a glowing orange brain
  7365 | D:8      | Killed a troll
  7365 | D:8      | Reached skill level 5 in Stealth
  7549 | D:8      | Reached skill level 6 in Spellcasting
  7644 | D:8      | Reached XP level 10. HP: 63/65 MP: 11/19
  7913 | D:8      | Noticed Erica
  7927 | D:8      | Killed Erica
  7962 | D:8      | Reached skill level 1 in Long Blades
  8211 | D:8      | Reached skill level 5 in Fighting
  8439 | D:9      | Reached ** piety under Vehumet
  8483 | D:9      | Offered knowledge of Sandblast by Vehumet.
  8673 | D:9      | Noticed a two-headed ogre
  8758 | D:9      | Reached skill level 1 in Polearms
  8764 | D:9      | Found a white marble altar of Elyvilon.
  8814 | D:9      | Killed a two-headed ogre
  8814 | D:9      | Reached skill level 7 in Spellcasting
  9330 | D:9      | Noticed Pikel
  9345 | D:9      | Killed Pikel
  9345 | D:9      | Reached skill level 5 in Air Magic
  9552 | D:10     | Entered Level 10 of the Dungeon
  9555 | D:10     | Reached XP level 11. HP: 72/72 MP: 22/22
  9607 | D:9      | Learned a level 5 spell: Lightning Bolt
  9612 | D:9      | Learned a level 4 spell: Airstrike
  9615 | D:9      | Learned a level 2 spell: Swiftness
  9623 | D:9      | Learned a level 3 spell: Static Discharge
  9806 | D:10     | Found a staircase to the Orcish Mines.
  9839 | D:10     | Noticed a two-headed ogre
  9855 | D:10     | Killed a two-headed ogre
 10232 | D:10     | Offered knowledge of Stone Arrow by Vehumet.
 10290 | D:10     | Reached skill level 1 in Charms
 10595 | D:10     | Reached skill level 5 in Conjurations
 10845 | D:10     | Reached *** piety under Vehumet
 11130 | D:10     | Found a roughly hewn altar of Beogh.
 11288 | D:10     | Found a staircase to the Lair.
 11298 | D:10     | Reached skill level 8 in Spellcasting
 11435 | Lair:1   | Entered Level 1 of the Lair of Beasts
 11568 | Lair:1   | Noticed a four-headed hydra
 11830 | D:11     | Found Walumeryn's Food Shop.
 11949 | D:11     | Offered knowledge of Fulminant Prism by Vehumet.
 12113 | D:11     | Reached skill level 5 in Short Blades
 12533 | D:11     | Noticed a manticore
 12542 | D:11     | Killed a manticore
 12822 | D:11     | Noticed a white ugly thing
 12838 | D:11     | Killed a white ugly thing
 13355 | D:12     | Reached XP level 12. HP: 79/81 MP: 21/24
 13793 | D:12     | Learned a level 1 spell: Apportation
 13844 | D:12     | Learned a level 3 spell: Tukima's Dance
 13902 | D:12     | Paralysed by a centaur for 7 turns
 13924 | D:12     | Noticed a soul eater
 13945 | D:12     | Reached **** piety under Vehumet
 15088 | D:13     | Offered knowledge of Iskenderun's Battlesphere by Vehumet.
 15314 | D:13     | Reached skill level 5 in Polearms
 15468 | D:13     | Noticed a centaur warrior
 15472 | D:13     | Noticed a two-headed ogre
 15493 | D:13     | Noticed a two-headed ogre
 15497 | D:13     | Killed a centaur warrior
 15497 | D:13     | Reached skill level 1 in Shields
 15500 | D:13     | Found a runed translucent door.
 15500 | D:13     | Noticed Arthanis's ghost (journeyman GrBe)
 16204 | D:13     | Reached skill level 9 in Spellcasting
 16215 | D:13     | Killed a two-headed ogre
 16467 | D:13     | Noticed an ogre mage
 16495 | D:13     | Killed an ogre mage
 16512 | D:13     | Noticed a tengu warrior
 16515 | D:13     | Noticed a tengu warrior
 16530 | D:13     | Killed a tengu warrior
 16670 | D:14     | Noticed a centaur warrior
 16688 | D:14     | Slain by a centaur warrior

Levels and vault maps discovered:
D:1:      dpeg_arrival_yet_another_circle, layout_basic
D:2:      layout_loops_cross, uniq_jessica
D:3:      layout_basic, old_standard_altar, first_ration, okawaru_trees_1,
          uniq_purgy
D:4:      layout_basic, chequers_temple_overflow_statue_of_worship,
          fedhas_altar_fruit_tree, gammafunk_ghost_smash, lemuel_statue_altar
D:5:      layout_rooms, cheibrodos_worm_habitat, vehumet_crystals, uniq_duvessa,
          uniq_grinder
D:6:      layout_basic, uniq_maggie
D:7:      layout_basic, minmay_temple_entry_glassed_door,
          nicolae_lava_and_water, kennysheep_path_1
D:8:      layout_rooms, nicolae_ru_path_of_blood,
          ploomutoo_gammafunk_ghost_potion_laboratory, blue_anna_alchemist
          [blue_anna_fruit_fields, blue_anna_fruit_fields], minmay_manual_moon,
          uniq_erica
D:9:      layout_cave_pools, elyvilon_altar_3, uniq_pikel
D:10:     layout_cave_pools, erik_lair_dragon, minmay_orc_entry_temple_small
D:11:     layout_stronghold, serial_shops, nicolae_shop_trees,
          skrybe_limestone_x, hangedman_abyss_or_decor_lesser_grid,
          kennysheep_nondescript
D:12:     layout_layer_cave
D:13:     layout_roguey, hangedman_vaults_entry_quadrant_bands,
          hellmonk_ghost_happy_afterlife, st_stairs_3
D:14:     layout_loops_ring, serial_park_square1 [serial_park_minivault_5x5_4],
          chequers_serial_rivers_room_b
Lair:1:   layout_regular_city, basic_altar, grunt_megastairs_1

Skill      XL: |  1  2  3  4  5  6  7  8  9 10 11 12 |
---------------+-------------------------------------+-----
Poison Magic   | 4 5 6 7 |  7.8
Fighting       | 1 2 3 4 5 7 |  7.3
Spellcasting   | 3 4 5 6 7 8 9 |  9.3
Air Magic      | 1 2 3 4 5 6 |  6.5
Throwing       | 1 2 |  2.7
Dodging        | 3 4 5 6 7 |  7.2
Stealth        | 3 4 5 6 |  6.6
Conjurations   | 1 2 3 4 5 6 |  6.1
Short Blades   | 1 2 3 4 5 |  5.7
Hexes          | 2 3 4 |  4.6
Long Blades    | 2 |  2.2
Polearms       | 2 4 5 |  5.9
Charms         | 2 4 |  4.0
Shields        | 2 |  2.2
Transmutations | |  1.0
Evocations     | |  0.2

Action                   |  1- 3 |  4- 6 |  7- 9 | 10-12 || total
-------------------------+-------+-------+-------+-------++-------
Melee: Unarmed           |     5 |       |       |       ||     5
       Constrict         |    11 |    18 |    27 |    45 ||   101
       Tentacles         |     6 |    10 |    34 |   103 ||   153
       Dagger            |    28 |    31 |       |     3 ||    62
       Short sword       |       |    48 |   174 |   457 ||   679
       Scimitar          |       |       |       |    61 ||    61
       Spear             |       |       |       |     7 ||     7
       Trident           |       |       |       |    28 ||    28
       Long sword        |       |       |       |     5 ||     5
Throw: Dart              |    19 |     9 |    10 |    48 ||    86
       Boomerang         |       |       |       |    30 ||    30
 Cast: Sting             |     6 |       |       |       ||     6
       Poisonous Vapours |    14 |    40 |    64 |   188 ||   306
       Mephitic Cloud    |       |     1 |     6 |    32 ||    39
       Olgreb's Toxic Ra |       |       |     2 |     3 ||     5
       Airstrike         |       |       |       |    40 ||    40
       Swiftness         |       |       |       |     3 ||     3
       Lightning Bolt    |       |       |       |     5 ||     5
       Apportation       |       |       |       |     3 ||     3
Evoke: Wand              |       |       |       |     3 ||     3
  Use: Scroll            |     4 |     2 |     1 |    28 ||    35
       Potion            |       |       |     2 |    14 ||    16
 Stab: Sleeping          |     1 |     8 |     8 |    23 ||    40
       Confused          |       |     1 |     4 |    15 ||    20
       Distracted        |       |     1 |       |     1 ||     2
       Invisible         |       |       |       |     3 ||     3
  Eat: Chunk             |     1 |    12 |     9 |    15 ||    37
       Ration            |       |       |     1 |     7 ||     8
Armor: Skin              |     5 |    11 |    36 |    93 ||   145
Dodge: Dodged            |    27 |    65 |   133 |   401 ||   626
Block: Buckler           |       |       |       |    43 ||    43
       Rpst.: Scimitar   |       |       |       |    16 ||    16
       Long sword        |       |       |       |     1 ||     1

Table legend:
 A = Non-vault XP
 B = Vault XP
 C = Vault XP percentage of total XP
 D = Non-vault monster count
 E = Vault monster count
 F = Vault count percentage of total count
                 A         B        C        D         E       F
            +---------+---------+-------+---------+---------+-------
      Total |   20443 |    9926 |  32.7 |     265 |      42 |  13.7
            +---------+---------+-------+---------+---------+-------
        D:1 |      34 |       0 |   0.0 |      17 |       0 |   0.0
        D:2 |      66 |      37 |  35.9 |      17 |       1 |   5.6
        D:3 |      81 |     134 |  62.3 |      23 |       1 |   4.2
        D:4 |     228 |       0 |   0.0 |       6 |       0 |   0.0
        D:5 |     661 |     500 |  43.1 |      19 |       4 |  17.4
        D:6 |     875 |     389 |  30.8 |      20 |       1 |   4.8
        D:7 |     368 |       0 |   0.0 |       7 |       0 |   0.0
        D:8 |    1703 |    1612 |  48.6 |      25 |       6 |  19.4
        D:9 |    1876 |     641 |  25.5 |      21 |       1 |   4.5
       D:10 |    3029 |    1769 |  36.9 |      21 |      15 |  41.7
       D:11 |    4053 |       0 |   0.0 |      35 |       0 |   0.0
       D:12 |    2731 |       0 |   0.0 |      22 |       0 |   0.0
       D:13 |    4287 |    4844 |  53.1 |      28 |      13 |  31.7
       D:14 |     115 |       0 |   0.0 |       1 |       0 |   0.0
     Lair:1 |     336 |       0 |   0.0 |       3 |       0 |   0.0
            +---------+---------+-------+---------+---------+-------
